 Dungeon Crawl Stone Soup version 0.26-a0-737-g4e9f4955e2 (webtiles) character file.

Game seed: 4328215071388126613

63 Descartes the Chiller (level 3, -1/19 HPs)
             Began as a Deep Elf Ice Elementalist on Nov 4, 2020.
             Was a Believer of Zin.
             Slain by Natasha (2 damage)
             ... on level 2 of the Dungeon.
             The game lasted 00:04:16 (2045 turns).

Descartes the Chiller (Deep Elf Ice Elementalist)   Turns: 2045, Time: 00:04:16

Health: -1/19      AC:  3    Str:  6    XL:     3   Next: 89%
Magic:  3/3        EV: 13    Int: 19    God:    Zin [**....]
Gold:   90         SH:  0    Dex: 15    Spells: 9/10 levels left

rFire    . . .     SeeInvis .   g - +2 whip (antimagic)
rCold    . . .     Faith    .   (no shield)
rNeg     . . .     Spirit   .   a - +0 robe
rPois    .         Reflect  .   o - +0 helmet
rElec    .         Harm     .   (no cloak)
rCorr    .         Rampage  .   (no gloves)
MR       .....                  (no boots)
Stlth    +++.......             (no amulet)
HPRegen  0.06/turn              (no ring)
MPRegen  0.08/turn              (no ring)

@: no status effects
A: no striking features
a: Recite, Vitalisation, Donate Gold, Renounce Religion


You were on level 2 of the Dungeon.
You worshipped Zin.
Zin was pleased with you.
You visited 1 branch of the dungeon, and saw 2 of its levels.

You collected 100 gold pieces.
You donated 10 gold pieces to Zin.

Inventory:

Hand Weapons
 g - a +2 antimagic whip (weapon)
Missiles
 d - 43 stones (quivered)
 h - 18 bolts
 l - 34 arrows
Armour
 a - a +0 robe (worn)
 o - a +0 helmet (worn)
Scrolls
 c - a scroll of remove curse {unknown}
 e - a scroll of identify {unknown}
 i - a scroll of enchant armour {unknown}
 k - a scroll of teleportation {unknown}
 n - a scroll of immolation {unknown}
Potions
 b - a potion of flight {unknown}
 f - 3 potions of curing {unknown}
 j - 2 potions of brilliance {unknown}
 m - a potion of might {unknown}
 p - a potion of heal wounds {unknown}


   Skills:
 - Level 2.4 Dodging
 + Level 3.7 Stealth
 + Level 4.1 Spellcasting
 + Level 5.0 Ice Magic


You had 9 spell levels left.
You knew the following spells:

 Your Spells              Type           Power        Failure   Level
a - Freeze                Ice            ###.         1%          1

Your spell library contained the following spells:

 Spells                   Type           Power        Failure   Level
 Frozen Ramparts          Ice            ###...       5%          3
 Ozocubu's Armour         Ice            ###.....     5%          3
 Hailstorm                Conj/Ice       ##......     43%         4
 Summon Ice Beast         Ice/Summ       ##......     43%         4


Dungeon Overview and Level Annotations

Branches:
Dungeon (2/15)

Altars:
Zin

Annotations:
D:2 Natasha


Message History

Natasha is lightly wounded.
Natasha barely misses you. Natasha misses you.
You closely miss Natasha.
Natasha is lightly wounded.
Natasha claws you.
* * * LOW HITPOINT WARNING * * *
You hit Natasha.
Natasha's magic leaks into the air.
Natasha is heavily wounded.
Natasha mumbles some strange words.
You barely miss Natasha.
Natasha is heavily wounded.
Natasha barely misses you.
You closely miss Natasha.
Natasha is heavily wounded.
Natasha barely misses you.
The crimson imp blinks!
You closely miss Natasha.
Natasha is heavily wounded.
Natasha growls.
Natasha claws you.
You die...

...##.####.##.#######
...##.# #.##.## ####
# #.##..#
##+####.###.#####
#............5..# ##
#.......####..^.#
.###.......# #....#
...........# #....#
..##.......# #.@###
..#...####.# ##h#
..#...# #.# #..
......# .# ##.#
..#...# .# ..##### ..
### #. . .# ##


You could see Natasha and a crimson imp (summoned).

Vanquished Creatures
  An adder (D:2)
  A worm (D:2)
  2 leopard geckos (D:1)
  A ball python (D:1)
  2 bats (D:1)
  3 giant cockroaches
  5 goblins
  7 hobgoblins
  6 jackals
  5 frilled lizards
  6 kobolds
  5 rats
44 creatures vanquished.

Notes
Turn   | Place    | Note
-------+----------+-------------------------------------------
     0 | D:1      | Descartes the Deep Elf Ice Elementalist began the quest for
                  | the Orb.
     0 | D:1      | Reached XP level 1. HP: 10/10 MP: 6/6
   161 | D:1      | Reached XP level 2. HP: 13/15 MP: 4/8
  1075 | D:1      | Reached XP level 3. HP: 19/19 MP: 3/10
  1307 | D:2      | Found a faded altar of an unknown god.
  1362 | D:2      | Became a worshipper of Zin the Law-Giver
  1362 | D:2      | Reached * piety under Zin
  1827 | D:2      | Reached skill level 5 in Ice Magic
  1993 | D:2      | Reached ** piety under Zin
  2031 | D:2      | Noticed Natasha
  2039 | D:2      | Zin protects you from harm!
  2045 | D:2      | Slain by Natasha

Illustrated notes

Levels and vault maps discovered:
D:1:      lemuel_arrival_funnel, layout_loops_ring
D:2:      layout_basic, chequers_ecumenical_altar_grove, grunt_decor_fettered,
          uniq_robin, uniq_sigmund, uniq_natasha

Skill      XL: |  1  2  3 |
---------------+----------+-----
Stealth        | 3 |  3.7
Spellcasting   | 4 |  4.1
Ice Magic      | 5 |  5.0
Dodging        | |  2.4

Action                   || total
-------------------------++-------
Melee: Unarmed           ||     5
       Whip              ||    44
 Cast: Freeze            ||    50
Armor: Robe              ||    13
Dodge: Dodged            ||    49

Table legend: (Time is in decaauts)
 A = Elapsed time spent in this place.
 B = Non-inter-level travel time spent in this place.
 C = Inter-level travel time spent in this place.
 D = Time resting spent in this place.
 E = Time spent auto-exploring this place.
 F = Levels seen in this place.
 G = Mean time per level.
                   A        B        C        D        E       F      G
               +--------+--------+--------+--------+--------+-----+--------+
         Total |   2050 |   2016 |     34 |     23 |   1717 |   2 | 1025.0 |
       Dungeon |   2050 |   2016 |     34 |     23 |   1717 |   2 | 1025.0 |
               +--------+--------+--------+--------+--------+-----+--------+

Top non-repeatable levels by time:
     D:1: 1422 daAuts
     D:2: 627 daAuts
